AoeStats
← CroCkeR

Black Forest

507716169Analyzed
4v4 RM · 13d ago on Sep 19, 2026· 43m 3s· 8 players
Game mode
Random Map
Map size
Large (8 player)
Population
200
Speed
Normal
Resources
Standard
Victory
Conquest
Starting age
Dark Age
Ending age
Imperial Age
RankedLock teamsTeams togetherTeam positionsShared explorationLock speedFull tech treeHidden civsTurbo modeCheats
Victory
Defeat
🇫🇷 Saracens · France
1463
+14
1458
+14
🇨🇳 Italians · China
1455
+14
🇺🇸 Japanese · United States
1385
+16
🇹🇷 Burgundians · Türkiye
1430
-15
🇬🇧 Turks · United Kingdom
1418
-15
🇩🇪 Slavs · Germany
1397
-14
🇩🇪 Mongols · Germany
1385
-14
LuG_
10:34 Feudal Age
12:00 Loom
15:27 Castle Age
13:46 Double-Bit Axe
14:34 Horse Collar
16:34 Bow Saw
28:59 Imperial Age
26:48 Gold Mining
26:49 Stone Mining
27:39 Wheelbarrow
27:59 Thumb Ring
27:57 Padded Archer Armor
28:26 Fletching
29:10 Sipahi
29:54 Gold Shaft Mining
29:21 Bodkin Arrow
29:42 Leather Archer Armor
30:05 Hand Cart
30:14 Bloodlines
30:26 Town Watch
30:43 Bracer
30:56 Husbandry
31:01 Heavy Plow
31:45 Ring Archer Armor
31:42 Conscription
31:37 Heavy Cavalry Archer
32:56 Parthian Tactics
33:04 Artillery
34:25 Two-Man Saw
33:53 Fortified Wall
34:04 Ballistics
36:41 Masonry
38:25 Scale Barding Armor
CroCkeR
0:30 Loom
12:32 Feudal Age
16:18 Castle Age
14:35 Double-Bit Axe
15:35 Horse Collar
22:48 Wheelbarrow
23:46 Heavy Plow
25:36 Bow Saw
30:06 Imperial Age
28:12 Scale Mail Armor
28:23 Forging
28:51 Scale Barding Armor
30:13 Man-at-Arms
31:32 Iron Casting
31:35 Long Swordsman
33:48 Chain Mail Armor
34:33 Blast Furnace
32:58 Capped Ram
35:36 Plate Mail Armor
35:02 Two-Handed Swordsman
35:43 Squires
35:49 Gold Mining
37:55 Blast Furnace
38:00 Siege Ram
38:47 Fletching
39:17 Chain Barding Armor
42:28 Champion
Laljia
10:50 Feudal Age
11:42 Double-Bit Axe
11:41 Horse Collar
14:24 Castle Age
15:43 Bow Saw
15:44 Heavy Plow
18:30 Wheelbarrow
17:42 Loom
18:59 Heavy Plow
22:12 Gold Mining
24:03 Gold Shaft Mining
23:18 Stone Mining
24:35 Stone Shaft Mining
24:18 Fervor
28:07 Imperial Age
26:02 Hand Cart
26:19 Fletching
26:18 Town Watch
27:03 Ballistics
27:31 Bodkin Arrow
27:36 Padded Archer Armor
28:50 Bracer
29:13 Conscription
29:05 Husbandry
29:15 Bloodlines
29:12 Thumb Ring
29:33 Parthian Tactics
30:22 Leather Archer Armor
31:32 Chemistry
30:37 Town Patrol
31:45 Elite Mangudai
32:45 Siege Engineers
33:00 Devotion
33:35 Coinage
33:16 Onager
33:45 Capped Ram
35:43 Drill
36:18 Nomads
36:55 Hoardings
36:32 Masonry
36:18 Murder Holes
36:34 Fortified Wall
39:29 Siege Onager
CBRM
1:23 Loom
9:31 Double-Bit Axe
11:47 Feudal Age
15:36 Castle Age
14:59 Bow Saw
14:31 Horse Collar
21:51 Town Watch
22:54 Wheelbarrow
27:51 Imperial Age
25:56 Fletching
27:47 Ballistics
27:23 Gold Mining
28:43 Hand Cart
29:34 Chemistry
28:41 Bodkin Arrow
31:14 Conscription
31:22 Bracer
33:02 Padded Archer Armor
33:52 Burgundian Vineyards
34:18 Leather Archer Armor
34:39 Scale Barding Armor
34:47 Caravan
34:23 Elite Skirmisher
36:16 Chain Barding Armor
36:47 Masonry
36:53 Forging
37:45 Bombard Tower
38:43 Plate Barding Armor
38:44 Cavalier
39:25 Husbandry
39:05 Light Cavalry
40:20 Heavy Plow
40:57 Iron Casting
JOK3R_LSR
10:54 Feudal Age
14:35 Castle Age
12:56 Double-Bit Axe
15:49 Bow Saw
15:21 Horse Collar
20:52 Heavy Plow
23:51 Wheelbarrow
23:07 Town Watch
23:09 Loom
23:20 Stone Mining
23:21 Gold Mining
26:42 Gold Shaft Mining
29:25 Imperial Age
28:24 Hand Cart
29:02 Scale Barding Armor
29:08 Forging
30:15 Chain Barding Armor
31:16 Iron Casting
31:19 Elite Mameluke
32:45 Plate Barding Armor
34:36 Blast Furnace
34:01 Town Patrol
33:35 Onager
36:54 Caravan
39:29 Siege Onager
42:03 Siege Engineers
42:58 Chemistry
あおぞら ひかり
3:11 Loom
11:12 Feudal Age
12:05 Double-Bit Axe
12:01 Horse Collar
15:42 Castle Age
16:50 Bow Saw
17:39 Wheelbarrow
20:58 Town Watch
21:04 Gold Mining
22:25 Stone Mining
24:31 Heavy Plow
26:58 Nomads
30:19 Imperial Age
27:47 Fletching
28:59 Gold Shaft Mining
28:50 Ballistics
29:15 Bodkin Arrow
29:21 Padded Archer Armor
30:26 Fortified Wall
30:30 Bloodlines
30:20 Husbandry
30:36 Elite Mangudai
31:31 Bracer
32:32 Chemistry
32:56 Conscription
32:56 Leather Archer Armor
33:08 Parthian Tactics
32:30 Capped Ram
32:58 Onager
34:47 Drill
34:58 Thumb Ring
34:52 Siege Ram
43:19 Caravan
Fort
0:42 Loom
12:51 Feudal Age
16:27 Castle Age
14:24 Double-Bit Axe
15:15 Horse Collar
24:16 Bow Saw
25:51 Sanctity
27:26 Scale Mail Armor
32:15 Gold Mining
35:32 Imperial Age
34:31 Wheelbarrow
35:41 Gold Shaft Mining
35:30 Heavy Plow
36:32 Hand Cart
37:05 Conscription
36:52 Stone Mining
38:24 Two-Man Saw
37:41 Squires
37:53 Fletching
38:13 Forging
38:24 Forging
39:39 Chemistry
39:05 Kataparuto
39:49 Ballistics
39:39 Masonry
39:55 Treadmill Crane
40:35 Elite Skirmisher
42:15 Iron Casting
41:55 Chain Mail Armor
41:42 Padded Archer Armor
41:37 Bodkin Arrow
41:40 Murder Holes
41:51 Siege Engineers
43:24 Thumb Ring
MeHawK
0:39 Loom
9:48 Feudal Age
11:57 Fletching
15:39 Double-Bit Axe
20:48 Castle Age
18:50 Horse Collar
20:36 Stone Mining
20:42 Gold Mining
23:38 Wheelbarrow
29:48 Imperial Age
27:46 Bodkin Arrow
28:21 Padded Archer Armor
29:12 Bow Saw
30:50 Bracer
32:29 Conscription
32:31 Leather Archer Armor
32:42 Elite Genoese Crossbowman
34:44 Ballistics
35:32 Hand Cart
36:24 Chemistry
37:05 Scale Mail Armor
37:16 Forging
38:14 Chain Mail Armor
Connection lost

Rejoining the realm…

Still unreachable

The connection could not be restored.

Session expired

The server has moved on; the page needs a fresh start.